Selects Australian Defense Battlegroup
Selects Australian Defense Battlegroup
Selects Australian Light Infantry Section
Australian Light Infantry Section
Australian Light Infantry Section
Australian Light Infantry Section
Construct Section Command Post
Selects 2-pounder Anti-tank Gun Team
Construct Platoon Command Post
Unlock M3 Stuart Light Tanks
Selects CMP 15cwt Supply Run
Construct Field Infirmary
Australian Light Infantry Section
2-pounder Anti-tank Gun Team
Selects Reinforced Resource Caches
Construct Company Command Post
Selects Vehicle Over Repair